cohdb
Replays
Latest Replays
All Replays
Popular Replays
Top Player Replays
Match Explorer
How It Works
Community
CoH3 Stats
Reddit
Sign in to upload your games and track your stats! →
Sign in with Steam
Match 39744283
Unlisted
Match 39744283
Overview
Messages
Build Orders
End
Construct Barracks
Selects Airborne Battlegroup
Selects Pathfinders
Riflemen Squad
Riflemen Squad
Riflemen Squad
Infantry Support Center
Selects Paratrooper Squad Paradrop
Construct Weapon Support Center
Paratrooper Squad Paradrop
M3 Armored Personnel Carrier
Construct Medical Station
Selects Anti-tank Gun Team Paradrop
Anti-tank Gun Team Paradrop
M1918 Browning Automatic Rifles
Engineer Squad
Selects Recon Loiter
Selects Supply Drop
Construct Tank Depot
M18 Hellcat Tank Destroyer
Grenade Package
M4(105) Sherman Bulldozer
Selects Carpet Bombing Run
Supply Drop
Recon Loiter
Cular13
MadMax
0
0
Comments
sign in to comment!
No comments posted yet!